 Dungeon Crawl Stone Soup version 0.32-a0-597-g8e3e136d6a (webtiles) character file.

Game seed: 9831324583276873388

1563 dolemite99 the Geomancer (level 8, -1/85 HPs)
             Began as a Yellow Draconian Earth Elementalist on Mar 2, 2024.
             Was a Priest of Wu Jian.
             Slain by a killer bee (2 damage)
             ... on level 6 of the Dungeon.
             The game lasted 00:08:22 (9131 turns).

dolemite99 the Geomancer (DrEE)                     Turns: 9131, Time: 00:08:23

Health: -1/85      AC: 24    Str: 11    XL:     8   Next: 58%
Magic:  8/11       EV:  2    Int: 18    God:    Wu Jian [***...]
Gold:   296        SH:  0    Dex: 17    Spells: 7/11 levels left

rFire   + . .        j - staff of cold
rCold   + + .        (no shield)
rNeg    . . .        (body armour unavailable)
rPois   +            (helmet currently unavailable)
rElec   +            (cloak currently unavailable)
rCorr   +            (gloves currently unavailable)
SInv    .            w - melded +1 pair of boots
Will    .....        (no amulet)
Stlth   ++           c - +6 ring of dexterity
HPRegen 0.34/turn    d - ring of wizardry
MPRegen 0.12/turn

%: wizardry (x1)
@: lethally poisoned (-1 -> -10), tree-form, resistant
A: stationary, stasis, torment immunity, boosted hp, (caustic breath), AC +6,
unfitting armour, (cold-blooded), (acid resistance)
a: Renounce Religion, Wall Jump, Serpent's Lash


You were on level 6 of the Dungeon.
You worshipped Wu Jian.
Wu Jian was most pleased with you.
You were a tree.
You visited 1 branch of the dungeon, and saw 7 of its levels.

You collected 296 gold pieces.

Inventory:

Hand Weapons
 b - a +1 long sword
 h - a +0 short sword
 k - a +2 dagger of holy wrath
 t - a +0 whip of electrocution
Missiles
 m - 4 javelins
 r - 5 boomerangs
Armour
 a - a +2 pair of gloves
 f - an orb of mayhem
 w - a +1 pair of boots (melded)
Magical Staves
 j - a staff of cold (weapon)
Jewellery
 c - a +6 ring of dexterity (left branch)
 d - a ring of wizardry (right branch)
 n - the amulet "Ruxt" {RegenMP+ Stlth+}
   (You found it on level 2 of the Dungeon)

   [amulet of magic regeneration]

   It increases your rate of magic regeneration.
   Stlth+:    It makes you more stealthy.
   RegenMP+:  It increases your rate of magic regeneration.
Wands
 i - a wand of flame (6)
Scrolls
 g - 2 scrolls of revelation
 u - 2 scrolls of identify {@r1}
 v - a scroll of teleportation
 x - a scroll of silence {unknown}
Potions
 e - a potion of mutation {unknown}
 l - 2 potions of heal wounds {unknown}
 o - 2 potions of curing
 q - a potion of resistance
 s - 2 potions of cancellation {unknown}
 z - a potion of degeneration {unknown}


   Skills:
 - Level 1.7 Dodging
 - Level 1.7 Stealth
 - Level 2.0 Spellcasting
 + Level 7.6 Conjurations
 - Level 8.3 Earth Magic


You had 7 spell levels left.
You knew the following spells:

 Your Spells              Type           Power      Damage    Failure   Level
a - Sandblast             Erth           62%        2d14      1%          1
b - Stone Arrow           Conj/Erth      60%        3d10      1%          3

Your spell library contained the following spells:

 Spells                   Type           Power      Damage    Failure   Level
 Shock                    Conj/Air       60%        1d6       1%          1
 Sting                    Conj/Alch      60%        1d6       1%          1
 Passwall                 Erth           31%        N/A       1%          3
 Momentum Strike          Conj/Tloc      30%        3d8       2%          2
 Brom's Barrelling Bould  Conj/Erth      30%        2d5       2%          4
 Apportation              Tloc           2%         N/A       8%          1
 Necrotise                Necr           4%         1d4       8%          1
 Slow                     Hex            4%         N/A       8%          1
 Summon Small Mammal      Summ           4%         N/A       8%          1
 Blink                    Tloc           2%         N/A       11%         2
 Lesser Beckoning         Tloc           2%         N/A       11%         2
 Petrify                  Alch/Erth      16%        N/A       13%         4
 Confusing Touch          Hex            1%         N/A       21%         3
 Sigil of Binding         Hex            1%         N/A       21%         3
 Swiftness                Air            1%         N/A       21%         3
 Vampiric Draining        Necr           1%         2d6       21%         3
 Airstrike                Air            0%         2d(1-17)  54%         4


Dungeon Overview and Level Annotations

Branches:
Dungeon (7/15)             Temple (0/1) D:6

Altars:
Ru
Sif Muna
Wu Jian


Innate Abilities, Weirdness & Mutations

You are a tree.
Your roots penetrate the ground, keeping you stationary.
You cannot be teleported.
You are immune to unholy pain and torment.
Your maximum health is greatly increased.
Your equipment is partially melded.
((You can breathe corrosive fumes.))
((Your golden yellow scales are hard. (AC +6)))
You cannot fit into any form of body armour.
((You are cold-blooded and may be slowed by cold attacks.))
((You are resistant to acid. (rCorr)))


Message History

You feel protected.
You feel very sick.
The killer bee stings you but does no damage.
The killer bee completely misses you. The killer bee barely misses you.
The killer bee stings you but does no damage.
You turn into a tree.
Your +1 pair of boots melds into your body.
Your roots penetrate the ground.
You feel sick.
The killer bee stings you but does no damage.
The killer bee completely misses you. The killer bee barely misses you.
The killer bee stings you but does no damage.
Casting: Sandblast (safe; 1% risk of failure)
Confirm with . or Enter, or press ? or * to list all spells.
Aiming: Sandblast (safe; 1% risk of failure)
Press: ? - help, Shift-Dir - straight line, f - killer bee
Aim: a killer bee (67% to hit)
The blast of sand hits the killer bee!
You kill the killer bee!
The Council accepts your kill.
You feel sick. The killer bee stings you.
* * * LOW HITPOINT WARNING * * *
The killer bee stings you.
* * * LOW HITPOINT WARNING * * *
The killer bee stings you.
* * * LOW HITPOINT WARNING * * *
You are lethally poisoned!
The killer bee poisons you!
Casting: Sandblast (safe; 1% risk of failure)
Confirm with . or Enter, or press ? or * to list all spells.
Aiming: Sandblast (safe; 1% risk of failure)
Press: ? - help, Shift-Dir - straight line, f - killer bee
Aim: a killer bee (67% to hit)
The blast of sand hits the killer bee!
The killer bee is almost dead.
* * * LOW HITPOINT WARNING * * *
You feel very sick. The killer bee stings you.
* * * LOW HITPOINT WARNING * * *
The killer bee barely misses you. The killer bee stings you.
You die...

....#.......#.#####.#
....#.......#.#.# #.#
....#.####..#.#.###.#
....#.# #..#.#...#.#
....#.# #..#.#.#.#.#
....#.# #..#.#.#.#.#
....#.# #..#.#.#.#.#
....#.#######.#.#.#.#
....#...<.......♣y#.#
.#..#########.###y#.#
..^.# #.....#.#
.#..###############.#
.#..................#
.#.################.#
#### ###


You could see 2 killer bees.

Vanquished Creatures
  A steam dragon (D:6)
  2 ice beasts (D:6)
  2 ogres
  A phantom (D:6)
  3 scorpions
  2 killer bees (D:6)
  2 bombardier beetles
  A hound (D:5)
  A gnoll bouda (D:6)
  3 orc priests
  3 orc wizards (D:6)
  2 sleepcaps (D:5)
  Jessica (D:2)
  Natasha (thrice) (D:2)
  Terence (D:1)
  Robin (D:2)
  5 gnolls (D:6)
  4 adders
  6 ufetubi
  2 dart slugs
  A ribbon worm (D:4)
  18 orcs
  9 ball pythons
  A bat (D:1)
  7 endoplasms
  4 giant cockroaches
  23 goblins
  8 hobgoblins
  11 jackals (D:1)
  4 quokkas
  A frilled lizard (D:2)
  7 kobolds
  5 rats
145 creatures vanquished.

Notes
Turn   | Place    | Note
-------+----------+-------------------------------------------
     0 | D:1      | dolemite99 the Draconian Earth Elementalist began the quest
                  | for the Orb.
     0 | D:1      | Reached XP level 1. HP: 14/14 MP: 3/3
   221 | D:1      | Reached XP level 2. HP: 3/20 MP: 0/5
   733 | D:1      | Reached skill level 4 in Earth Magic
  1008 | D:1      | Found a faded altar of an unknown god.
  1011 | D:1      | Prayed at the altar of an unknown god.
  1011 | D:1      | Became a worshipper of the Wu Jian Council
  1011 | D:1      | Reached * piety under Wu Jian
  1351 | D:1      | Reached XP level 3. HP: 26/26 MP: 2/6
  1706 | D:2      | Noticed Natasha
  1722 | D:2      | Killed Natasha
  1914 | D:2      | Reached XP level 4. HP: 33/33 MP: 5/7
  2019 | D:2      | Noticed Robin
  2022 | D:2      | Killed Robin
  2023 | D:2      | Reached skill level 5 in Earth Magic
  2108 | D:2      | Noticed Terence
  2126 | D:1      | Killed Terence
  2597 | D:2      | Noticed Jessica
  2602 | D:2      | Killed Jessica
  2603 | D:2      | Reached XP level 5. HP: 26/38 MP: 3/8
  2666 | D:2      | Learned a level 3 spell: Stone Arrow
  2758 | D:2      | Noticed Natasha
  2759 | D:2      | Killed Natasha
  2759 | D:2      | Reached ** piety under Wu Jian
  2760 | D:2      | Reached skill level 6 in Earth Magic
  2844 | D:2      | Identified the amulet "Ruxt" {RegenMP+ Stlth+}
  2862 | D:2      | Noticed Natasha
  2866 | D:2      | Killed Natasha
  3855 | D:4      | Reached XP level 6. HP: 45/45 MP: 6/9
  4147 | D:4      | Reached skill level 7 in Earth Magic
  4625 | D:5      | Entered Level 5 of the Dungeon
  4937 | D:5      | Reached skill level 8 in Earth Magic
  4937 | D:5      | Your scales start taking on a golden yellow colour.
  4937 | D:5      | Reached XP level 7. HP: 46/50 MP: 3/10
  4937 | D:5      | Gained mutation: You are resistant to acid. (rCorr) [Yellow
                  | Draconian growth]
  4940 | D:5      | Reached *** piety under Wu Jian
  5295 | D:5      | Found a shimmering blue altar of Sif Muna.
  5334 | D:5      | Found an ornate altar of the Wu Jian Council.
  6699 | D:6      | Found a staircase to the Ecumenical Temple.
  6763 | D:6      | Noticed a steam dragon
  6769 | D:6      | Killed a steam dragon
  6868 | D:6      | Found a sacrificial altar of Ru.
  7536 | D:6      | Reached skill level 5 in Conjurations
  7536 | D:6      | Reached XP level 8. HP: 57/57 MP: 6/11
  8508 | D:6      | Reached **** piety under Wu Jian
  9131 | D:6      | HP: 1/85 [killer bee (4)]
  9131 | D:6      | Slain by a killer bee

Illustrated notes

Levels and vault maps discovered:
D:1:      dpeg_arrival_houses_and_road, layout_basic,
          hellmonk_ecumenical_altar_inner_sanctum, minmay_misc_feat_roman
D:2:      layout_loops_cross, uniq_natasha, uniq_terence, uniq_robin,
          uniq_jessica
D:3:      layout_loops_ring
D:4:      layout_rooms, grunt_decor_junction
D:5:      layout_layer_cave, mainiacjoe_overflow_two_lobes, hex_tiny
D:6:      layout_basic, mainiacjoe_overflow_concentric_impassable,
          minmay_temple_entry_offerings, minmay_ogre_servants
D:7:      layout_gridville, uniq_prince_ribbit1, uniq_menkaure, uniq_pikel,
          uniq_joseph

Skill      XL: |  1  2  3  4  5  6  7  8 |
---------------+-------------------------+-----
Earth Magic    | 4 5 6 8 |  8.3
Conjurations   | 5 7 |  7.6
Dodging        | |  1.7
Stealth        | |  1.7
Spellcasting   | |  2.0

Action                     |  1- 3 |  4- 6 |  7- 9 || total
---------------------------+-------+-------+-------++-------
  Melee: Unarmed           |    30 |       |       ||    30
         Tailslap          |     7 |       |     1 ||     8
         Short sword       |     1 |     1 |       ||     2
         Dagger            |       |     1 |       ||     1
         Staff             |       |     3 |    14 ||    17
   Cast: Sandblast         |    49 |    84 |    88 ||   221
         Stone Arrow       |       |     1 |     2 ||     3
Ability: Lunge             |     1 |     2 |       ||     3
         Whirlwind         |     1 |     3 |     1 ||     5
         Caustic Breath    |       |       |     4 ||     4
    Use: Potion            |     2 |       |     3 ||     5
         Scroll            |       |    13 |       ||    13
 Armour: Skin              |    48 |    21 |    80 ||   149
  Dodge: Dodged            |    58 |    29 |    50 ||   137

Table legend: (Time is in decaauts)
 A = Elapsed time spent in this place.
 B = Non-inter-level travel time spent in this place.
 C = Inter-level travel time spent in this place.
 D = Time resting spent in this place.
 E = Time spent auto-exploring this place.
 F = Levels seen in this place.
 G = Mean time per level.
                   A        B        C        D        E       F      G
               +--------+--------+--------+--------+--------+-----+--------+
         Total |   9251 |   9002 |    249 |   3228 |   4605 |   7 | 1321.6 |
       Dungeon |   9251 |   9002 |    249 |   3228 |   4605 |   7 | 1321.6 |
               +--------+--------+--------+--------+--------+-----+--------+

Top non-repeatable levels by time:
     D:6: 2654 daAuts
     D:1: 2095 daAuts
     D:5: 1902 daAuts
     D:2: 1065 daAuts
     D:4: 865 daAuts
     D:3: 665 daAuts
     D:7: 3 daAuts
